 Dungeon Crawl Stone Soup version 0.21.1-1-g345015f (webtiles) character file.

1264 Hebeh the Chopper (level 8, -14/73 HPs)
             Began as a Deep Dwarf Fighter on June 17, 2018.
             Was a Follower of Makhleb.
             Demolished by an orc wizard
             ... wielding a +1 dagger of electrocution
              (23 damage)
             ... on level 6 of the Dungeon.
             The game lasted 00:23:27 (3750 turns).

Hebeh the Chopper (Deep Dwarf Fighter)              Turns: 3750, Time: 00:23:28

Health: -14/73     AC: 11    Str: 23    XL:     8   Next: 27%
Magic:  6/6        EV: 11    Int:  8    God:    Makhleb [*.....]
Gold:   98         SH:  0    Dex: 12    Spells: 7/7 levels left

rFire    . . .     SeeInvis .   G - +4 scythe "Ruecola" {slice, rC+ MR++}
rCold    + . .     Gourm    .   (shield currently unavailable)
rNeg     . . .     Faith    .   b - +0 scale mail
rPois    .         Spirit   .   w - +0 helmet
rElec    .         Reflect  .   y - +0 cloak
rCorr    .         Harm     +   (no gloves)
MR       +++..                  k - +1 pair of boots {Fly}
Stlth    ..........             l - amulet of harm
HPRegen  0.00/turn              (no ring)
MPRegen  0.10/turn              (no ring)

@: non-regenerating
A: damage resistance, heal wounds, sense surroundings 1, no regeneration
a: Heal Wounds, Renounce Religion, Evoke Flight


You were on level 6 of the Dungeon.
You worshipped Makhleb.
Makhleb was aware of your devotion.
You were not hungry.

You visited 2 branches of the dungeon, and saw 7 of its levels.

You collected 236 gold pieces.
You spent 138 gold pieces at shops.

Inventory:

Hand Weapons
 a - a +0 war axe
 B - a +2 trident of piercing
 F - a +0 battleaxe
 G - the +4 scythe "Ruecola" (weapon) {slice, rC+ MR++}
   (You found it on level 5 of the Dungeon)

   It inflicts extra damage upon your enemies.
   It protects you from cold.
   It affects your resistance to hostile enchantments.
Armour
 b - a +0 scale mail (worn)
 c - a +0 shield
 k - a +1 pair of boots of flying (worn)
 w - a +0 helmet (worn)
 y - a +0 cloak (worn)
 D - a +2 chain mail of cold resistance
Jewellery
 l - an amulet of harm (around neck)
Wands
 x - a wand of flame (6)
 H - a wand of paralysis (16)
Scrolls
 e - 4 scrolls of remove curse
 h - a scroll of teleportation
 i - 3 scrolls of enchant armour
 o - 2 scrolls of fear
 p - 2 scrolls of blinking
 r - 2 scrolls of fog
 s - 3 scrolls of identify
 t - a scroll of enchant weapon
 C - 2 scrolls of immolation {unknown}
 E - 2 scrolls of noise {unknown}
Potions
 d - 3 potions of might
 g - a potion of haste {unknown}
 j - 4 potions of curing {unknown}
 n - 3 potions of lignification {unknown}
 q - 3 potions of heal wounds
 v - 2 potions of agility
 z - a potion of degeneration {unknown}
 A - a potion of mutation {unknown}
 J - a potion of ambrosia {unknown}
Books
 m - a book of Callings

   Spells                             Type                      Level
   a - Summon Small Mammal            Summoning                    1
   b - Call Imp                       Summoning                    2
   c - Call Canine Familiar           Summoning                    3
   d - Summon Guardian Golem          Hexes/Summoning              3
   e - Summon Lightning Spire         Summoning/Air                4
   f - Summon Ice Beast               Ice/Summoning                4
 I - a book of Geomancy

   Spells                             Type                      Level
   a - Sandblast                      Earth                        1
   b - Passwall                       Transmutation/Earth          2
   c - Stone Arrow                    Conjuration/Earth            3
   d - Petrify                        Transmutation/Earth          4
   e - Lee's Rapid Deconstruction     Earth                        5
Comestibles
 f - 19 rations


   Skills:
 + Level 4.5 Fighting
 + Level 7.5(7.8) Axes
 + Level 2.2(4.5) Polearms
 + Level 4.7 Armour
 + Level 2.1 Dodging
 + Level 0.6 Stealth
 + Level 5.6 Shields


You had 7 spell levels left.
You didn't know any spells.

Dungeon Overview and Level Annotations

Branches:
Dungeon (6/15)             Temple (1/1) D:4

Altars:
Ashenzari
Fedhas
Gozag
Kikubaaqudgha
Makhleb
Nemelex Xobeh
Qazlal
Trog
Vehumet
Xom
Yredelemnul
Zin
The Shining One

Shops:
D:4 ?%(=


Innate Abilities, Weirdness & Mutations

You are resistant to damage.
You can heal yourself by infusing magical energy.
You passively map a small area around you.
You do not regenerate.


Message History

The leopard gecko bites you but does no damage.
Something hits you. The orc wizard closely misses you.
The leopard gecko barely misses you.
The orc wizard hits you but does no damage.
Something hits you but does no damage.
You barely miss something. The leopard gecko bites you. Something hits you.
The orc wizard hits you but does no damage.
You are electrocuted!
* * * LOW HITPOINT WARNING * * *
The leopard gecko misses you. Something hits you.
You slash something! Makhleb accepts your kill.
You feel better.
Reactivating autopickup.
Your base Polearms skill increases to level 2!
You feel a bit more experienced.
The leopard gecko bites you but does no damage.
The orc wizard hits you but does no damage.
You are electrocuted!
You die...

, , ,,, .$.# ##.
, .... , ... ,,
..... , , ,....
..... * .....
!....** ?....##*
#..#.## ,
.......##o.....(,
, * * #..@)..#
##)l.#....# **
##).### *#..
#..## * * ##.##
*, *
#..########### ,
#.....<....... ,
############## ,
, *


You could see an orc wizard and a leopard gecko.

Vanquished Creatures
  Menkaure (D:3)
  Duvessa (D:4)
  A phantom (D:4)
  2 ogres
  A centaur (D:5)
  Blork the orc (D:6)
  A wyvern zombie (D:6)
  Dowan (D:4)
  A howler monkey (D:5)
  2 orc wizards
  Crazy Yiuf (D:3)
  A bullfrog skeleton (D:4)
  Ijyb (D:3)
  Terence (D:3)
  An iguana (D:5)
  A worker ant (D:4)
  Robin (D:3)
  8 gnolls
  A howler monkey skeleton (D:4)
  4 adders
  An adder skeleton (D:4)
  4 worms
  A dart slug (D:1)
  3 leopard geckos
  22 orcs
  3 bats
  6 giant cockroaches
  11 hobgoblins
  4 jackals (D:1)
  16 kobolds
  2 ball pythons (D:3)
  2 frilled lizards
  26 goblins
  A leopard gecko zombie (D:5)
  8 rats
  4 fungi (D:3)
146 creatures vanquished.

Notes
Turn   | Place    | Note
-------+----------+-------------------------------------------
     0 | D:1      | Hebeh the Deep Dwarf Fighter began the quest for the Orb.
     0 | D:1      | Reached XP level 1. HP: 20/20 MP: 1/1
    36 | D:1      | Reached XP level 2. HP: 27/27 MP: 2/2
   424 | D:1      | You fall through a shaft!
   448 | D:2      | Reached skill level 3 in Axes
   448 | D:2      | Reached XP level 3. HP: 31/34 MP: 3/3
  1560 | D:3      | Reached XP level 4. HP: 42/42 MP: 4/4
  1594 | D:3      | Found a glowing golden altar of the Shining One.
  1667 | D:3      | Found a shattered altar of Ashenzari.
  1674 | D:3      | Noticed Terence
  1683 | D:3      | Killed Terence
  1698 | D:3      | Reached skill level 4 in Axes
  1707 | D:3      | Reached XP level 5. HP: 35/49 MP: 5/5
  1769 | D:3      | Noticed Robin
  1802 | D:3      | Killed Robin
  1833 | D:3      | Noticed Ijyb
  1857 | D:3      | Killed Ijyb
  2046 | D:3      | Found a basalt altar of Yredelemnul.
  2048 | D:3      | Noticed a profane servitor
  2056 | D:3      | Noticed an angel
  2120 | D:3      | Found a runed door.
  2124 | D:3      | Noticed Crazy Yiuf
  2127 | D:3      | Killed Crazy Yiuf
  2201 | D:4      | Found Atiwkuot's Jewellery Shop.
  2202 | D:4      | Found Goguc's Food Shop.
  2206 | D:4      | Found Veasuus Nyul's Magic Scroll Shop.
  2211 | D:4      | Found Uvauhydu's Weapon Shop.
  2220 | D:4      | Bought a scroll of identify for 24 gold pieces
  2220 | D:4      | Bought a scroll of identify for 24 gold pieces
  2220 | D:4      | Bought a scroll of enchant weapon for 90 gold pieces
  2328 | D:4      | Reached XP level 6. HP: 33/56 MP: 5/5
  2402 | D:4      | Noticed Menkaure
  2425 | D:3      | Killed Menkaure
  2425 | D:3      | Reached skill level 5 in Axes
  2425 | D:3      | Reached skill level 1 in Dodging
  2525 | D:4      | Noticed Dowan
  2528 | D:4      | Noticed Duvessa
  2555 | D:4      | Killed Duvessa
  2555 | D:4      | Reached skill level 6 in Axes
  2555 | D:4      | Reached XP level 7. HP: 51/63 MP: 6/6
  2562 | D:4      | Killed Dowan
  2562 | D:4      | Reached skill level 5 in Shields
  2715 | D:4      | Found a glowing silver altar of Zin.
  2715 | D:4      | Noticed an angel
  2727 | D:4      | Found a shimmering altar of Xom.
  2786 | D:4      | Found a staircase to the Ecumenical Temple.
  2795 | Temple   | Entered the Ecumenical Temple
  2862 | Temple   | Became a worshipper of Makhleb the Destroyer
  3225 | D:5      | Entered Level 5 of the Dungeon
  3266 | D:5      | Reached skill level 7 in Axes
  3349 | D:5      | Got a brightly glowing scythe
  3364 | D:5      | Identified the +4 scythe "Ruecola" {slice, rC+ MR++} (You found it on level 5 of the Dungeon)
  3405 | D:5      | Reached * piety under Makhleb
  3405 | D:5      | Reached XP level 8. HP: 67/72 MP: 6/6
  3431 | D:5      | Reached skill level 1 in Polearms
  3618 | D:5      | Found a blossoming altar of Fedhas.
  3726 | D:6      | Noticed Blork the orc
  3750 | D:6      | Killed Blork the orc
  3750 | D:6      | Demolished by an orc wizard

Skill      XL: |  1  2  3  4  5  6  7  8 |
---------------+-------------------------+-----
Fighting       | 3 4 |  4.5
Axes           | 3 4 6 7 |  7.5
Armour         | 4 |  4.7
Shields        | 4 5 |  5.6
Dodging        | 1 2 |  2.1
Polearms       | 2 |  2.2
Stealth        | |  0.6

Action                   |  1- 3 |  4- 6 |  7- 9 || total
-------------------------+-------+-------+-------++-------
Melee: War axe           |   117 |   212 |    83 ||   412
       Scythe            |       |       |    33 ||    33
 Abil: Heal Wounds       |     1 |     6 |     4 ||    11
       Stop Flying       |     1 |       |       ||     1
Evoke: Wand              |       |     1 |       ||     1
  Use: Scroll            |       |     9 |     1 ||    10
  Eat: Chunk             |     2 |     4 |     4 ||    10
Armor: Scale mail        |    69 |    99 |    78 ||   246
Dodge: Dodged            |    32 |    62 |    68 ||   162
Block: Shield            |    60 |   117 |    42 ||   219
